 Dungeon Crawl Stone Soup version 0.20.1-1-g8b1a95d (webtiles) character file.

677 Lovchig the Chopper (level 7, -12/63 HPs)
             Began as a Deep Dwarf Fighter on Nov 6, 2017.
             Shot with a bolt by an orc warrior (13 damage)
             ... in a bailey.
             The game lasted 00:10:35 (3299 turns).

Lovchig the Chopper (Deep Dwarf Fighter)            Turns: 3299, Time: 00:10:36

Health: -12/63     AC: 16    Str: 21    XL:     7   Next: 33%
Magic:  7/7        EV:  5    Int:  9    God:
Gold:   151        SH: 10    Dex: 12    Spells: 6/6 levels left

rFire    . . .     SeeInvis +   a - +1 war axe
rCold    . . .     Gourm    .   c - +0 shield
rNeg     . . .     Faith    .   x - +0 plate armour
rPois    .         Spirit   .   o - +0 helmet
rElec    .         Reflect  .   (no cloak)
rCorr    .         Harm     .   g - +1 pair of gloves
MR       +....                  (no boots)
Stlth    ..........             (no amulet)
Regen    0.0/turn               q - ring of stealth
MPRegen  0.1/turn               (no ring)

@: non-regenerating
A: damage resistance, heal wounds, hooves 1, see invisible, sense surroundings
1, shaggy fur 1, no regeneration
a: Heal Wounds


You were in a bailey.
You were not hungry.

You visited 1 branch of the dungeon, and saw 5 of its levels.
You also visited: Bailey.

You collected 151 gold pieces.

Inventory:

Hand Weapons
 a - a +1 war axe (weapon)
Armour
 c - a +0 shield (worn)
 g - a +1 pair of gloves (worn)
 o - a +0 helmet (worn)
 x - a +0 plate armour (worn)
Jewellery
 q - a ring of stealth (left hand)
Wands
 k - a wand of paralysis (20/24)
Scrolls
 e - a scroll of enchant armour
 h - 2 scrolls of fog
 n - a scroll of magic mapping
 r - 4 scrolls of identify
 s - 2 scrolls of teleportation
 v - a scroll of remove curse
 y - a scroll of amnesia
 C - a scroll of blinking
Potions
 b - a potion of berserk rage
 d - 3 potions of might
 l - 5 potions of lignification
 m - 3 potions of heal wounds
 p - a potion of curing
 u - a potion of magic {unknown}
 w - 2 potions of flight {unknown}
 A - a potion of cancellation {unknown}
 B - a potion of haste {unknown}
Comestibles
 f - 3 bread rations
 i - 8 chunks of flesh
 j - 4 fruits
 t - 2 royal jellies
 z - a meat ration


   Skills:
 * Level 3.7 Fighting
 * Level 6.0 Axes
 * Level 5.0 Armour
 * Level 2.5 Dodging
 * Level 4.7 Shields


You had 6 spell levels left.
You didn't know any spells.

Dungeon Overview and Level Annotations

Branches:
Dungeon (7/15)             Temple (0/1) D:4

Altars:
Qazlal
Vehumet


Innate Abilities, Weirdness & Mutations

You are resistant to damage.
You can heal yourself by infusing magical energy.
You passively map a small area around you.
You do not regenerate.
You have large cloven feet.
You have supernaturally acute eyesight. (SInv)
You are covered in fur. (AC +1)


Message History

The bolt hits you! You block the orc warrior's attack.
You hit the orc warrior.
The orc warrior is heavily wounded.
You block the orc warrior's attack.
The orc warrior shoots a bolt.
The bolt hits you but does no damage.
The orc warrior hits you but does no damage.
You hit the orc warrior. Your kick misses the orc warrior.
The orc warrior is heavily wounded.
The orc warrior hits you with a glaive.
The orc warrior shoots a bolt.
The bolt hits you!!
* * * LOW HITPOINT WARNING * * *
You block the orc warrior's attack.
You hit the orc warrior but do no damage.
The orc warrior is heavily wounded.
The orc warrior hits you with a glaive.
* * * LOW HITPOINT WARNING * * *
The orc warrior hits you from afar with a halberd!
* * * LOW HITPOINT WARNING * * *
The orc warrior shoots a bolt.
The bolt hits you!
You die...

##* ## ##
##∩###########.##
..##...##.....##..)#
≈..#...#..≈≈≈..#o.!#
≈≈.......≈≈o≈≈.#..(#
o≈.......≈ooo≈.(@o.#
≈≈.......≈≈o≈≈.#..)#
≈..#..(#..≈≈≈(.#..)#
, #.∩.##.....##.o.#
*##∩###########.##
### ##


You could see 8 orc warriors.

Vanquished Creatures
  An orc warrior (D:3)
  The ghost of Supahsalami the Shooter, an amateur CeHu (D:3)
  A bullfrog (D:7)
  A scorpion (D:4)
  A bullfrog zombie (D:7)
  3 orc priests
  2 orc wizards (D:4)
  Jessica (D:2)
  An iguana (D:4)
  A gnoll (D:7)
  3 adders
  An adder skeleton (D:4)
  3 worms
  3 dart slugs
  2 leopard geckos
  12 orcs
  5 giant cockroaches
  12 goblins
  9 hobgoblins
  6 jackals (D:2)
  7 kobolds
  3 ball pythons
  6 bats
  3 frilled lizards
  9 rats
97 creatures vanquished.

Notes
Turn   | Place    | Note
-------+----------+-------------------------------------------
     0 | D:1      | Lovchig the Deep Dwarf Fighter began the quest for the Orb.
     0 | D:1      | Reached XP level 1. HP: 20/20 MP: 1/1
   141 | D:1      | Reached XP level 2. HP: 25/27 MP: 2/2
   760 | D:1      | Gained mutation: You are dopey. (Int -2) [potion of mutation]
   760 | D:1      | Gained mutation: Your magical capacity is low. (-10% MP) [potion of mutation]
   760 | D:1      | Gained mutation: You have supernaturally acute eyesight. (SInv) [potion of mutation]
   760 | D:1      | Gained mutation: You have sharp toenails. [potion of mutation]
   761 | D:1      | Lost mutation: Your magical capacity is low. (-10% MP) [potion of mutation]
   761 | D:1      | Lost mutation: You are dopey. (Int -2) [potion of mutation]
   761 | D:1      | Lost mutation: You have sharp toenails. [potion of mutation]
   761 | D:1      | Lost mutation: You have supernaturally acute eyesight. (SInv) [potion of mutation]
   761 | D:1      | Gained mutation: You are covered in fur. (AC +1) [potion of mutation]
   761 | D:1      | Gained mutation: You have supernaturally acute eyesight. (SInv) [potion of mutation]
   761 | D:1      | Gained mutation: You have large cloven feet. [potion of mutation]
   871 | D:2      | Reached XP level 3. HP: 23/34 MP: 3/3
   898 | D:2      | Found a stormy altar of Qazlal.
   926 | D:2      | Noticed Jessica
   932 | D:2      | Killed Jessica
   932 | D:2      | Reached skill level 3 in Axes
  1043 | D:2      | Reached XP level 4. HP: 24/42 MP: 4/4
  1069 | D:2      | Reached skill level 1 in Dodging
  1744 | D:3      | Noticed Supahsalami's ghost (amateur CeHu)
  1761 | D:3      | Killed Supahsalami's ghost
  1761 | D:3      | Reached skill level 4 in Axes
  1761 | D:3      | Reached XP level 5. HP: 18/49 MP: 5/5
  1836 | D:3      | Noticed an orc warrior
  1856 | D:3      | Killed an orc warrior
  1856 | D:3      | Reached XP level 6. HP: 30/56 MP: 6/6
  2628 | D:4      | Reached skill level 5 in Axes
  2755 | D:4      | Found a staircase to the Ecumenical Temple.
  2947 | D:4      | Reached XP level 7. HP: 34/63 MP: 7/7
  3155 | D:4      | You fall through a shaft for 3 floors!
  3203 | D:7      | Reached skill level 6 in Axes
  3209 | D:7      | Reached skill level 5 in Armour
  3229 | D:7      | Found a radiant altar of Vehumet.
  3254 | D:7      | Found a flagged portal.
  3280 | Bailey   | Entered a bailey
  3299 | Bailey   | HP: 1/63 [orc warrior/halberd (10)]
  3299 | Bailey   | Shot with a bolt by an orc warrior

Skill      XL: |  1  2  3  4  5  6  7 |
---------------+----------------------+-----
Fighting       | 3 |  3.7
Axes           | 3 4 5 6 |  6.0
Armour         | 4 5 |  5.0
Dodging        | 1 2 |  2.5
Shields        | 4 |  4.7

Action                   |  1- 3 |  4- 6 |  7- 9 || total
-------------------------+-------+-------+-------++-------
Melee: War axe           |    88 |   150 |    42 ||   280
       Kick              |    12 |    48 |     7 ||    67
 Abil: Heal Wounds       |       |     4 |     2 ||     6
  Use: Scroll            |     5 |    10 |     1 ||    16
       Potion            |     2 |       |       ||     2
  Eat: Chunk             |     1 |     6 |     1 ||     8
Armor: Scale mail        |    52 |    31 |       ||    83
       Plate armour      |       |    35 |    33 ||    68
Dodge: Dodged            |    39 |    49 |    16 ||   104
Block: Shield            |    54 |    76 |    41 ||   171
